 Dungeon Crawl Stone Soup version 0.18.1-1-g2f07953 (webtiles) character file.

49 AVATAR8128 the Grave Robber (level 4, 0/30 HPs)
             Began as a Human Necromancer on Aug 23, 2016.
             Succumbed to an adder's poison
             ... on level 2 of the Dungeon on Aug 24, 2016.
             The game lasted 01:05:17 (1467 turns).

AVATAR8128 the Grave Robber (Human Necromancer)     Turns: 1467, Time: 01:05:18

Health: 0/30       AC:  2    Str:  9    XL:     4   Next: 2%
Magic:  1/7        EV: 12    Int: 16    God:
Gold:   42         SH:  0    Dex: 13    Spells: 3 memorised, 3 levels left

rFire  . . .     SeeInvis .     e - -2 short sword (curse)
rCold  . . .     Gourm    .     a - +0 robe
rNeg   . . .     Faith    .     (no shield)
rPois  .         Spirit   .     (no helmet)
rElec  .         Dismiss  .     (no cloak)
rCorr  .         Reflect  .     (no gloves)
SustAt .         Harm     .     (no boots)
MR     .....                    (no amulet)
Stlth  ++........               (no ring)
                                (no ring)

@: lethally poisoned (0 -> -6), flying, not resistant to hostile enchantments,
unstealthy
A: no striking features
a: no special abilities


You were on level 2 of the Dungeon.
You were not hungry.

You visited 1 branch of the dungeon, and saw 2 of its levels.

You collected 42 gold pieces.

Inventory:

Hand Weapons
 e - a cursed -2 short sword (weapon)
 g - a +2 dagger of freezing
 l - a +0 spear
 n - a +0 short sword
Missiles
 c - 17 poisoned needles
 f - 11 arrows
 j - 46 stones (quivered)
Armour
 a - a +0 robe (worn)
 m - a cursed +0 ring mail
 o - a +0 shield
Books
 b - a book of Necromancy

   Spells                             Type                      Level
   a - Pain                           Necromancy                   1
   b - Animate Skeleton               Necromancy                   1
   c - Vampiric Draining              Necromancy                   3
   d - Regeneration                   Charms/Necromancy            3
   e - Animate Dead                   Necromancy                   4
   f - Control Undead                 Necromancy                   4
Comestibles
 h - 4 chunks of flesh
 i - a slice of pizza


   Skills:
 - Level 0.2 Fighting
 + Level 2.2 Dodging
 - Level 2.0 Stealth
 - Level 0.4 Unarmed Combat
 * Level 2.5 Spellcasting
 * Level 4.7 Necromancy


You had 3 spell levels left.
You knew the following spells:

 Your Spells              Type           Power        Failure   Level  Hunger
a - Pain                  Necr           ###.         3%          1    #......
b - Animate Skeleton      Necr           N/A          3%          1    #......
c - Vampiric Draining     Necr           ###.......   12%         3    ###....


Dungeon Overview and Level Annotations

Branches:
Dungeon (2/15)

Altars:


Message History

Confirm with . or Enter, or press ? or * to list all spells.
Aiming: Pain
Press: ? - help, Shift-Dir - straight line, f - adder
Aim: an adder (chance to defeat MR: 82%)
The adder convulses in agony!
The adder bites you.
* * * LOW HITPOINT WARNING * * *
You are lethally poisoned!
The adder poisons you! The adder bites you.
* * * LOW HITPOINT WARNING * * *
* * * LOW HITPOINT WARNING * * *
You feel sick.
* * * LOW HITPOINT WARNING * * *
You feel sick. The adder bites you.
* * * LOW HITPOINT WARNING * * *
You are more poisoned.
The adder poisons you!
It was a potion of flight.
You feel very buoyant.
You fly up into the air.
The adder closely misses you.
You die...

#.##..##.###.
#.##..# # #.##..#
.# # #.....#..# #.
#.###.#..#
#.###.###.#..###
#................
..#................
.......@.......####
............##.#
...#.##S###.# ...
...#.##w###.# ...
......††....# ...
......#†#.#.#
.............
..##.)###.#.## .
#.. #.#.#


You could see an adder and a dart slug.

Vanquished Creatures
  An adder (D:2)
  A gnoll (D:1)
  A dart slug (D:1)
  3 goblins
  4 hobgoblins
  A jackal (D:2)
  A quokka (D:2)
  2 bats (D:1)
  3 giant newts (D:1)
  7 kobolds (D:1)
  5 rats
29 creatures vanquished.

Vanquished Creatures (collateral kills)
  A jackal (D:2)
  A ball python (D:1)
2 creatures vanquished.

Grand Total: 31 creatures vanquished

Notes
Turn   | Place    | Note
--------------------------------------------------------------
     0 | D:1      | AVATAR8128 the Human Necromancer began the quest for the Orb.
     0 | D:1      | Reached XP level 1. HP: 13/13 MP: 3/3
     7 | D:1      | Learned a level 1 spell: Animate Skeleton
   474 | D:1      | Reached XP level 2. HP: 17/19 MP: 3/5
   618 | D:1      | Reached XP level 3. HP: 14/24 MP: 1/6
   623 | D:1      | Learned a level 3 spell: Vampiric Draining
  1455 | D:2      | Reached XP level 4. HP: 17/30 MP: 1/7
  1465 | D:2      | HP: 1/30 [adder (1)]
  1467 | D:2      | Succumbed to an adder's poison

Action                   |  1- 3 |  4- 6 || total
-------------------------+-------+-------++-------
Melee: Club              |     4 |       ||     4
       Unarmed           |     3 |       ||     3
       Short sword       |    11 |     4 ||    15
       Spear             |     2 |       ||     2
Throw: Stone             |    15 |       ||    15
 Cast: Pain              |    43 |     3 ||    46
       Animate Skeleton  |     3 |       ||     3
       Vampiric Draining |     3 |       ||     3
  Use: Scroll            |     4 |       ||     4
       Potion            |       |     1 ||     1
  Eat: Bread ration      |     1 |       ||     1
Armor: Robe              |     8 |       ||     8
Dodge: Dodged            |    35 |     5 ||    40
